 Dungeon Crawl Stone Soup version 0.28.0-45-g0d030f2227 (webtiles) character file.

Game seed: 6016404839088096825

107 NinjaNoafa the Ruffian (level 4, -4/36 HPs)
             Began as a Draconian Transmuter on Apr 6, 2022.
             Was an Initiate of Yredelemnul.
             Slain by an iguana (11 damage)
             ... on level 4 of the Dungeon.
             The game lasted 00:11:16 (2691 turns).

NinjaNoafa the Ruffian (Draconian Transmuter)       Turns: 2691, Time: 00:11:17

Health: -4/36      AC:  5    Str: 12 (14) XL:     4   Next: 57%
Magic:  7/7        EV: 12    Int: 12 (14) God:    Yredelemnul [......]
Gold:   82         SH:  0    Dex:  9 (11) Spells: 7/8 levels left

rFire   . . .      SeeInvis .     - Unarmed
rCold   . . .      Faith    .   (no shield)
rNeg    . . .      Spirit   .   (armour unavailable)
rPois   .          Reflect  .   (helmet currently unavailable)
rElec   .          Harm     .   (no cloak)
rCorr   +          Rampage  .   (no gloves)
Will    .....                   (boots currently unavailable)
Stlth   +.........              (no amulet)
HPRegen 0.12/turn               n - ring of resist corrosion
MPRegen 0.10/turn               (no ring)

@: mighty, appendages (expiring)
A: horns 2, talons 2, AC +5, unfitting armour, cold-blooded
a: End Transformation, Renounce Religion, Recall Undead Harvest


You were on level 4 of the Dungeon.
You worshipped Yredelemnul.
Yredelemnul was noncommittal.
You had temporarily grown beastly horns and talons.
You visited 1 branch of the dungeon, and saw 4 of its levels.

You collected 82 gold pieces.

Inventory:

Hand Weapons
 b - a +1 dagger of electrocution
 k - a +2 whip of freezing
Missiles
 c - a throwing net (quivered)
 f - 8 poisoned darts
Armour
 e - a +0 pair of boots (melded)
Jewellery
 n - a ring of resist corrosion (left hand)
Scrolls
 a - 4 scrolls of identify {unknown}
 d - 2 scrolls of enchant weapon {unknown}
 g - 2 scrolls of noise {unknown}
 i - a scroll of amnesia {unknown}
 o - a scroll of fear {unknown}
 p - a scroll of fog {unknown}
Potions
 h - a potion of might
 m - a potion of degeneration


   Skills:
 + Level 2.1 Fighting
 + Level 2.4 Dodging
 + Level 3.7 Unarmed Combat
 * Level 2.6 Spellcasting
 * Level 2.8 Transmutations


You had 7 spell levels left.
You knew the following spells:

 Your Spells              Type           Power      Damage    Failure   Level
a - Beastly Appendage     Tmut           16%        N/A       9%          1

Your spell library contained the following spells:

 Spells                   Type           Power      Damage    Failure   Level
 Wereblood                Tmut           8%         N/A       12%         2
 Sublimation of Blood     Necr           1%         N/A       36%         2
 Spider Form              Tmut/Pois      4%         N/A       41%         3
 Gell's Gravitas          Tloc           1%         N/A       61%         3
 Teleport Other           Tloc           1%         N/A       61%         3
 Ice Form                 Ice/Tmut       4%         N/A       82%         4
 Dispersal                Tloc           0%         N/A       100%        6
 Summon Hydra             Summ           0%         N/A       100%        7


Dungeon Overview and Level Annotations

Branches:
Dungeon (4/15)
 Temple: D:4-7

Altars:
Yredelemnul

Shops:
D:1 [


Innate Abilities, Weirdness & Mutations

You have temporarily grown beastly horns and talons.
Your plain brown scales are hard. (AC +5)
You cannot fit into any form of body armour.
You are cold-blooded and may be slowed by cold attacks.


Message History

Your tail-slap misses the kobold.
The kobold is moderately wounded.
The kobold hits you but does no damage. The gnoll hits you with a +0 club.
The gnoll hits you from afar with a +0 spear.
You punch the kobold!
You kill the kobold!
A black mist starts to gather...
The gnoll hits you but does no damage. The gnoll closely misses you. x2
You barely miss the gnoll. The gnoll hits you with a +0 club.
* * * LOW HITPOINT WARNING * * *
The gnoll closely misses you. The gnoll barely misses you.
It was a potion of degeneration.
There was something very wrong with that liquid.
You feel weakened.
You feel dopey.
You feel clumsy. The gnoll hits you but does no damage.
The gnoll closely misses you.
The gnoll hits you from afar with a +0 spear.
* * * LOW HITPOINT WARNING * * *
It was a potion of curing.
You feel better. The gnoll hits you with a +0 club.
Your kobold zombie hits the gnoll.
The gnoll hits you with a +0 flail.
* * * LOW HITPOINT WARNING * * *
The gnoll hits you from afar with a +0 spear.
* * * LOW HITPOINT WARNING * * *
It was a potion of magic.
Magic courses through your body. The gnoll closely misses you. x2
Your kobold zombie closely misses the gnoll.
The gnoll closely misses you.
You barely miss the gnoll.
The gnoll is lightly wounded.
The gnoll barely misses you.
You closely miss the gnoll. You claw the gnoll!
You kill the gnoll!
The gnoll completely misses you.
Your life force feels restored.
You punch the gnoll! You punch the gnoll.
You kill the gnoll!
A black mist starts to gather...
Your transformation is almost over.
The gnoll barely misses you. The iguana bites you!
You die...
Your body rises from the dead as a mindless zombie.

#..## .....
##... ....# #
.... ....#.#
#... ./..?..
#..# .......
#..# .g....#
#..####lg..#
#.<...@)#.##.
#.....ZZ...?.#
###.###>..####
#.. .### ####
.# .# .# .#


You could see an iguana, 2 gnolls, a friendly gnoll zombie and a friendly kobold
zombie.

Vanquished Creatures
  A hound zombie (D:2)
  3 gnolls
  2 adders (D:3)
  An adder skeleton (D:2)
  2 worms (D:2)
  An orc (D:3)
  A bat skeleton (D:2)
  2 endoplasms (D:2)
  2 giant cockroaches
  4 goblins
  4 hobgoblins
  2 jackals (D:3)
  7 quokkas
  2 ball pythons (D:2)
  4 bats
  2 frilled lizards
  3 kobolds
  A rat (D:1)
  A spectral orc (D:3)
45 creatures vanquished.

Vanquished Creatures (collateral kills)
  A goblin (D:3)
  2 rats (D:3)
3 creatures vanquished.

Grand Total: 48 creatures vanquished

Notes
Turn   | Place    | Note
-------+----------+-------------------------------------------
     0 | D:1      | NinjaNoafa the Draconian Transmuter began the quest for the
                  | Orb.
     0 | D:1      | Reached XP level 1. HP: 16/16 MP: 3/3
   279 | D:1      | Reached XP level 2. HP: 7/23 MP: 5/5
   656 | D:1      | Found a faded altar of an unknown god.
   754 | D:1      | Found Jutroiruss's Armour Shoppe.
   953 | D:2      | Reached XP level 3. HP: 26/28 MP: 4/6
  1604 | D:3      | Reached XP level 4. HP: 27/36 MP: 5/7
  1992 | D:3      | Found a basalt altar of Yredelemnul.
  2003 | D:3      | Became a worshipper of Yredelemnul the Dark
  2691 | D:4      | Slain by an iguana

Illustrated notes

Levels and vault maps discovered:
D:1:      psy_arrival_fountain, layout_basic, serial_shops, shop_fountains,
          hellmonk_ecumenical_altar_crossroads, chequers_serial_rivers_micro_c,
          chequers_serial_rivers_small_a, palyth_stone_intersect
D:2:      layout_loops_ring, serial_undead, serial_undead_f, serial_undead_e,
          serial_undead_a, serial_undead_d
D:3:      layout_basic, yredelemnul_forgotten_temple_becter,
          kennysheep_generic_room_15
D:4:      layout_loops_ring, trog_hazing_becter, kennysheep_slug_shrine

Skill      XL: |  1  2  3  4 |
---------------+-------------+-----
Dodging        | 2 |  2.4
Fighting       | 2 |  2.1
Unarmed Combat | |  3.7
Spellcasting   | |  2.6
Transmutations | |  2.8

Action                   |  1- 3 |  4- 6 || total
-------------------------+-------+-------++-------
Melee: Unarmed           |   122 |    57 ||   179
       Kick              |    14 |     6 ||    20
       Tailslap          |    12 |     2 ||    14
       Headbutt          |     4 |     4 ||     8
       Punch             |     1 |     1 ||     2
 Cast: Beastly Appendage |     7 |     4 ||    11
  Use: Potion            |       |     4 ||     4
Armor: Skin              |    53 |    18 ||    71
Dodge: Dodged            |    79 |    47 ||   126
